Jets vs Rangers

Created - November 16, 2015 at 18:52

Goals
1 2 3 T
Jets 2 1 1 4
Rangers 1 1 1 3
Shots
1 2 3 T
Jets 6 16 13 35
Rangers 10 6 8 24

1st period

1. Jets , Brett Connolly 2 (Dylan Olsen, Boyd Gordon) at 5:52
2. Rangers , Zemgus Girgensons 3 (Matt Calvert, Kris Russell) at 8:23
3. Jets , Nick Bonino 5 (Nicklas Grossmann, Patrick Eaves) at 17:54

Penalties :
Mikael Backlund (NYR) for Roughing (Minor) at 3:35, Tomas Tatar (NYR) for Holding (Minor) at 6:01, Nicklas Grossmann (WPG) for Elbowing (Minor) at 13:24

2nd period

4. Jets , Patrick Eaves 3 (Nick Bonino) at 9:07
5. Rangers , Zemgus Girgensons 4 (Chris Tanev, Karl Alzner) at 16:17

Penalties :
Brett Connolly (WPG) for Hooking (Minor) at 1:46, Kevin Klein (WPG) for Hooking (Minor) at 11:03

3rd period

6. Jets , Patrick Eaves 4 (Brent Seabrook, Nick Bonino) at 0:32
7. Rangers , Karl Alzner 2 (Tyler Ennis, Chris Tanev) at 8:58

Penalties :
David Jones (NYR) for Cross-checking (Minor) at 13:38, Nicklas Grossmann (WPG) for Hooking (Minor) at 18:21

Goalie Stats

Cory Schneider (WPG), 21 saves from 24 shots - (0.875), W, 12-4-2, 60:00 minutes
Brian Elliott (NYR), 31 saves from 35 shots - (0.886), L, 11-9-0, 59:33 minutes

Players Stats for Jets

Player Name              G  A  P  +/- PIM S  H  SB GA TA FO     MP     PP MP  PK MP  
------------------------------------------------------------------------------------
Anders Lee               0  0  0  -1  0   0  5  0  0  0  2/3    22:22   2:26   2:11 
Boyd Gordon              0  1  1   1  0   0  0  0  0  0  6/7     4:33   0:00   0:00 
Brent Seabrook           0  1  1   0  0   3  0  1  0  0  0/0    22:10   3:28   3:39 
Brett Connolly           1  0  1   3  2   3  1  0  0  0  0/1    14:36   0:00   0:10 
Cam Atkinson             0  0  0  -1  0   5  0  0  0  0  1/2    16:42   2:26   0:00 
David Krejci             0  0  0  -1  0   1  1  0  0  0  10/28  21:29   3:31   0:13 
Dylan Olsen              0  1  1   0  0   0  4  2  0  0  0/0     8:53   0:00   0:37 
Jamie Benn               0  0  0  -1  0   3  1  0  0  0  0/1    17:47   3:31   0:00 
Jeff Carter              0  0  0  -1  0   1  0  0  0  0  12/18  16:42   2:26   0:00 
Joe Pavelski             0  0  0  -1  0   4  0  0  0  0  0/0    21:16   3:31   0:00 
Kevin Klein              0  0  0   0  2   2  0  0  0  0  0/0    18:52   2:29   1:21 
Korbinian Holzer         0  0  0   1  0   1  1  1  0  0  0/0     4:29   0:00   0:00 
Nick Bonino              1  2  3   2  0   1  1  1  0  0  11/21  14:56   0:00   5:02 
Nicklas Grossmann        0  1  1   1  4   1  1  2  0  0  0/0    14:24   0:00   1:41 
Patrick Eaves            2  1  3   2  0   5  0  0  0  0  0/1    12:45   0:00   2:51 
Tobias Enstrom           0  0  0   0  0   2  0  0  0  0  0/0    26:04   3:28   3:56 
Tyler Myers              0  0  0   0  0   3  0  0  0  0  0/0    25:05   2:29   3:56 
Vernon Fiddler           0  0  0   1  0   0  1  0  0  0  0/0     9:16   0:00   4:43 

Players Stats for Rangers

Player Name              G  A  P  +/- PIM S  H  SB GA TA FO     MP     PP MP  PK MP  
------------------------------------------------------------------------------------
Alex Goligoski           0  0  0  -2  0   1  3  3  0  0  0/0    24:14   3:20   3:05 
Anton Volchenkov         0  0  0   1  0   0  1  0  0  0  0/0     3:10   0:00   0:00 
Benoit Pouliot           0  0  0   0  0   2  0  0  0  0  1/1    24:00   4:18   2:47 
Brad Richards            0  0  0   0  0   0  0  0  0  0  3/5     3:38   0:00   0:39 
Cedric Paquette          0  0  0   0  0   1  1  1  0  0  1/1     6:11   0:00   3:12 
Chris Tanev              0  2  2   1  0   0  0  1  0  0  0/0    15:40   0:00   0:00 
Craig Smith              0  0  0   1  0   1  0  0  0  0  1/2    10:29   0:00   0:00 
David Jones              0  0  0   0  2   2  1  0  0  0  0/1    13:55   0:00   0:00 
Eric Brewer              0  0  0  -1  0   0  4  2  0  0  0/0    12:41   0:00   2:52 
Jaromir Jagr             0  0  0  -2  0   2  2  0  0  0  1/2    22:21   3:17   0:00 
Karl Alzner              1  1  2   1  0   1  1  1  0  0  0/0    22:47   4:15   2:52 
Kris Russell             0  1  1  -1  0   1  0  2  0  0  0/0    27:24   3:20   3:05 
Lubomir Visnovsky        0  0  0  -1  0   0  0  0  0  0  0/0    14:04   4:15   0:00 
Matt Calvert             0  1  1   1  0   1  0  0  0  0  0/1    10:47   0:00   0:18 
Mikael Backlund          0  0  0  -2  2   3  1  0  0  0  1/1    23:38   3:17   1:18 
Tomas Tatar              0  0  0  -2  2   3  2  1  0  0  14/29  22:20   3:17   0:00 
Tyler Ennis              0  1  1   0  0   1  0  0  0  0  6/19   18:14   4:18   0:00 
Zemgus Girgensons        2  0  2   1  0   5  3  1  0  0  12/20  18:27   4:18   3:40 

3 Stars

1 - Patrick Eaves (WPG)
2 - Nick Bonino (WPG)
3 - Zemgus Girgensons (NYR)

Power Play

Jets - 0 on 3 Attempt(s) - 0.00%
Rangers - 0 on 4 Attempt(s) - 0.00%

Penalty Kill

Jets - 4 on 4 Attempt(s) - 100.00% - Score 0 goal in Penalty Kill
Rangers - 3 on 3 Attempt(s) - 100.00% - Score 0 goal in Penalty Kill

Team Stat

Jets - Hits : 16 - Faceoff Wins : 42 - Blocked Shots : 7 - Penalty Minutes : 8
Rangers - Hits : 19 - Faceoff Wins : 40 - Blocked Shots : 12 - Penalty Minutes : 6

Official

Referees : Brad Watson and Francis Charron
Linesman : Mark Wheler and Trent Knorr

Game Notes

No Game Note

Finance

Level 1 -- Attendance: 4120 (63.38%) -- Ticket Income $515,000
Level 2 -- Attendance: 4434 (88.68%) -- Ticket Income $332,550
Level 3 -- Attendance: 3077 (87.91%) -- Ticket Income $153,850
Level 4 -- Attendance: 2006 (100.00%) -- Ticket Income $50,150
Luxury Box -- Attendance: 634 (63.40%) -- Ticket Income $158,500
Game was played at the Madison Square Garden.
Total Attendance: 14271 (79.26%)
Total Ticket Income: $1,210,050
Other Income: $181,508
Total Income: $1,391,558

% Time on Ice - Jets

Lines # - Real PCT - Wanted PCT - Time Play
Normal Forward
1 - 38% - 40% - 17:45
2 - 31% - 30% - 14:16
3 - 21% - 20% - 9:54
4 - 10% - 10% - 4:33
Normal Defense
1 - 40% - 40% - 18:40
2 - 32% - 34% - 15:03
3 - 18% - 16% - 8:16
4 - 10% - 10% - 4:29
PP Forward
1 - 59% - 70% - 3:31
2 - 41% - 30% - 2:26
PP Defense
1 - 58% - 70% - 3:28
2 - 42% - 30% - 2:29
PK Forward
1 - 100% - 75% - 7:35
2 - 0% - 25% - 0:00
PK Defense
1 - 52% - 60% - 3:56
2 - 48% - 40% - 3:39
PK3 Forward
1 - 0% - 70%
2 - 0% - 30%
PK3 Defense
1 - 0% - 60%
2 - 0% - 40%
44 Forward
1 - 0% - 50%
2 - 0% - 50%
44 Defense
1 - 0% - 51%
2 - 0% - 49%
Last Minute Offensive  - 0:00
Last Minute Defensive  - 0:00
Total
Forward - 60:00
Defense - 60:00

% Time on Ice - Rangers

Lines # - Real PCT - Wanted PCT - Time Play
Normal Forward
1 - 41% - 40% - 19:04
2 - 30% - 30% - 13:56
3 - 23% - 20% - 10:29
4 - 6% - 10% - 2:59
Normal Defense
1 - 38% - 40% - 17:49
2 - 34% - 30% - 15:40
3 - 21% - 20% - 9:49
4 - 7% - 10% - 3:10
PP Forward
1 - 43% - 60% - 3:17
2 - 57% - 40% - 4:18
PP Defense
1 - 44% - 60% - 3:20
2 - 56% - 40% - 4:15
PK Forward
1 - 67% - 60% - 4:00
2 - 33% - 40% - 1:57
PK Defense
1 - 52% - 60% - 3:05
2 - 48% - 40% - 2:52
PK3 Forward
1 - 0% - 60%
2 - 0% - 40%
PK3 Defense
1 - 0% - 60%
2 - 0% - 40%
44 Forward
1 - 0% - 60%
2 - 0% - 40%
44 Defense
1 - 0% - 60%
2 - 0% - 40%
Last Minute Offensive  - 0:00
Last Minute Defensive  - 0:00
Total
Forward - 60:00
Defense - 60:00

Play by Play

1st period


0:01 of 1st period - Jaromir Jagr wins face-off versus David Krejci in neutral zone.
0:01 of 1st period - Kris Russell is hit by Anders Lee and loses puck.
1:08 of 1st period - Karl Alzner is hit by Anders Lee and loses puck.
2:09 of 1st period - Icing by Brent Seabrook.
2:10 of 1st period - Jeff Carter wins face-off versus Zemgus Girgensons in Jets zone.
2:10 of 1st period - Jeff Carter is hit by Zemgus Girgensons.
2:20 of 1st period - Shot by Zemgus Girgensons.
2:20 of 1st period - Stopped by Cory Schneider without a rebound.
2:21 of 1st period - Mikael Backlund wins face-off versus Nick Bonino in Jets zone.
2:21 of 1st period - Mikael Backlund is hit by Dylan Olsen.
2:26 of 1st period - Mikael Backlund is hit by Dylan Olsen.
2:36 of 1st period - Shot by Tomas Tatar.
2:36 of 1st period - Stopped by Cory Schneider without a rebound.
2:37 of 1st period - Boyd Gordon wins face-off versus Zemgus Girgensons in Jets zone.
2:37 of 1st period - Boyd Gordon is hit by Zemgus Girgensons.
2:42 of 1st period - Off-side.
2:43 of 1st period - Nick Bonino wins face-off versus Brad Richards in neutral zone.
3:35 of 1st period - Minor Penalty to Mikael Backlund for Roughing.
3:36 of 1st period - Zemgus Girgensons wins face-off versus David Krejci in Rangers zone.
4:05 of 1st period - Alex Goligoski is hit by David Krejci and loses puck.
4:16 of 1st period - Shot by Tobias Enstrom.
4:16 of 1st period - Stopped by Brian Elliott without a rebound.
4:17 of 1st period - Brad Richards wins face-off versus Cam Atkinson in Rangers zone.
4:52 of 1st period - Shot by Kevin Klein.
4:52 of 1st period - Shot Misses the Net.
4:54 of 1st period - Shot by Anders Lee.
4:54 of 1st period - Deflect By Cam Atkinson.
4:54 of 1st period - Shot Misses the Net.
4:56 of 1st period - Shot by Tyler Myers.
4:56 of 1st period - Stopped by Brian Elliott without a rebound.
4:57 of 1st period - Zemgus Girgensons wins face-off versus David Krejci in Rangers zone.
5:07 of 1st period - Shot by Joe Pavelski.
5:07 of 1st period - Shot Misses the Net.
5:09 of 1st period - Shot by David Krejci.
5:09 of 1st period - Shot Blocked by Zemgus Girgensons.
5:11 of 1st period - Shot by Jamie Benn.
5:11 of 1st period - Shot Blocked by Eric Brewer.
5:39 of 1st period - Shot by Jaromir Jagr.
5:39 of 1st period - Shot Blocked by Dylan Olsen.
5:41 of 1st period - Shot by Jaromir Jagr.
5:41 of 1st period - Stopped by Cory Schneider without a rebound.
5:42 of 1st period - Boyd Gordon wins face-off versus Jaromir Jagr in Jets zone.
5:42 of 1st period - Boyd Gordon is hit by Tomas Tatar.
5:52 of 1st period - Shot by Brett Connolly.
5:52 of 1st period - Goal by Brett Connolly - Jets : 1 - Rangers : 0.
5:53 of 1st period - Nick Bonino wins face-off versus Tomas Tatar in neutral zone.
5:53 of 1st period - Tobias Enstrom is hit by Mikael Backlund and loses puck.
6:01 of 1st period - Minor Penalty to Tomas Tatar for Holding.
6:02 of 1st period - Zemgus Girgensons wins face-off versus David Krejci in Rangers zone.
6:08 of 1st period - Icing by Tobias Enstrom.
6:09 of 1st period - Zemgus Girgensons wins face-off versus David Krejci in Jets zone.
8:05 of 1st period - Shot by Craig Smith.
8:05 of 1st period - Shot Misses the Net.
8:07 of 1st period - Shot by Zemgus Girgensons.
8:07 of 1st period - Stopped by Cory Schneider with a rebound.
8:09 of 1st period - Shot by Craig Smith.
8:09 of 1st period - Shot Blocked by Dylan Olsen.
8:11 of 1st period - Shot by Kris Russell.
8:11 of 1st period - Shot Blocked by Nicklas Grossmann.
8:21 of 1st period - Shot by Kris Russell.
8:21 of 1st period - Shot Misses the Net.
8:23 of 1st period - Shot by Matt Calvert.
8:23 of 1st period - Deflect By Zemgus Girgensons.
8:23 of 1st period - Goal by Zemgus Girgensons - Jets : 1 - Rangers : 1.
8:24 of 1st period - Boyd Gordon wins face-off versus Tomas Tatar in neutral zone.
8:53 of 1st period - Shot by Tomas Tatar.
8:53 of 1st period - Stopped by Cory Schneider without a rebound.
8:54 of 1st period - Anders Lee wins face-off versus Tyler Ennis in Jets zone.
9:21 of 1st period - Shot by Benoit Pouliot.
9:21 of 1st period - Shot Misses the Net.
9:30 of 1st period - Off-side.
9:31 of 1st period - Jeff Carter wins face-off versus Zemgus Girgensons in neutral zone.
9:39 of 1st period - Cam Atkinson is hit by Eric Brewer and loses puck.
10:06 of 1st period - Shot by Craig Smith.
10:06 of 1st period - Deflect By Zemgus Girgensons.
10:06 of 1st period - Shot Misses the Net.
10:39 of 1st period - Shot by Mikael Backlund.
10:39 of 1st period - Shot Misses the Net.
11:03 of 1st period - Shot by Nick Bonino.
11:03 of 1st period - Shot Misses the Net.
11:08 of 1st period - Icing by Kris Russell.
11:09 of 1st period - David Krejci wins face-off versus Tomas Tatar in Rangers zone.
11:16 of 1st period - Shot by Nicklas Grossmann.
11:16 of 1st period - Deflect By Joe Pavelski.
11:16 of 1st period - Stopped by Brian Elliott without a rebound.
11:17 of 1st period - David Krejci wins face-off versus Tyler Ennis in Rangers zone.
11:22 of 1st period - Shot by Joe Pavelski.
11:22 of 1st period - Stopped by Brian Elliott without a rebound.
11:23 of 1st period - David Krejci wins face-off versus Tyler Ennis in Rangers zone.
11:43 of 1st period - Shot by Benoit Pouliot.
11:43 of 1st period - Shot Misses the Net.
12:08 of 1st period - Icing by Karl Alzner.
12:09 of 1st period - Jeff Carter wins face-off versus Tyler Ennis in Rangers zone.
12:14 of 1st period - Shot by Cam Atkinson.
12:14 of 1st period - Shot Misses the Net.
12:29 of 1st period - Off-side.
12:30 of 1st period - Boyd Gordon wins face-off versus Tomas Tatar in neutral zone.
12:47 of 1st period - Shot by Jaromir Jagr.
12:47 of 1st period - Shot Misses the Net.
12:49 of 1st period - Shot by Mikael Backlund.
12:49 of 1st period - Shot Misses the Net.
13:23 of 1st period - Kris Russell is hit by Dylan Olsen and loses puck.
13:24 of 1st period - Minor Penalty to Nicklas Grossmann for Elbowing.
13:25 of 1st period - Tyler Ennis wins face-off versus Nick Bonino in Jets zone.
13:55 of 1st period - Lubomir Visnovsky is hit by Nick Bonino and loses puck.
14:34 of 1st period - Shot by Mikael Backlund.
14:34 of 1st period - Stopped by Cory Schneider without a rebound.
14:35 of 1st period - Nick Bonino wins face-off versus Tyler Ennis in Jets zone.
15:34 of 1st period - Shot by Jaromir Jagr.
15:34 of 1st period - Shot Misses the Net.
15:51 of 1st period - Shot by Tomas Tatar.
15:51 of 1st period - Stopped by Cory Schneider without a rebound.
15:52 of 1st period - Cam Atkinson wins face-off versus Zemgus Girgensons in Jets zone.
16:03 of 1st period - Shot by Jeff Carter.
16:03 of 1st period - Deflect By Jamie Benn.
16:03 of 1st period - Shot Misses the Net.
16:23 of 1st period - Off-side.
16:24 of 1st period - Brad Richards wins face-off versus David Krejci in neutral zone.
16:35 of 1st period - Shot by Cedric Paquette.
16:35 of 1st period - Stopped by Cory Schneider with a rebound.
16:47 of 1st period - Cedric Paquette is hit by Anders Lee and loses puck.
17:34 of 1st period - Shot by Mikael Backlund.
17:34 of 1st period - Shot Misses the Net.
17:36 of 1st period - Shot by Jaromir Jagr.
17:36 of 1st period - Stopped by Cory Schneider without a rebound.
17:37 of 1st period - Nick Bonino wins face-off versus Craig Smith in Jets zone.
17:46 of 1st period - Shot by Nick Bonino.
17:46 of 1st period - Shot Misses the Net.
17:50 of 1st period - Shot by Patrick Eaves.
17:50 of 1st period - Shot Misses the Net.
17:52 of 1st period - Shot by Nicklas Grossmann.
17:52 of 1st period - Shot Misses the Net.
17:54 of 1st period - Shot by Nick Bonino.
17:54 of 1st period - Goal by Nick Bonino - Jets : 2 - Rangers : 1.
17:55 of 1st period - Jeff Carter wins face-off versus Tomas Tatar in neutral zone.
17:57 of 1st period - Tobias Enstrom is hit by Alex Goligoski and loses puck.
19:11 of 1st period - Shot by Joe Pavelski.
19:11 of 1st period - Shot Blocked by Karl Alzner.
19:24 of 1st period - Karl Alzner is hit by Anders Lee and loses puck.
19:38 of 1st period - Kevin Klein is hit by Eric Brewer and loses puck.
Goals for this period are 2 for Jets vs 1 for Rangers.
Shots for this period are 6 for Jets vs 10 for Rangers.

2nd period


0:01 of 2nd period - Tyler Ennis wins face-off versus Anders Lee in neutral zone.
0:20 of 2nd period - Shot by Joe Pavelski.
0:20 of 2nd period - Shot Misses the Net.
1:09 of 2nd period - Tobias Enstrom is hit by Tomas Tatar and loses puck.
1:33 of 2nd period - Shot by Jamie Benn.
1:33 of 2nd period - Stopped by Brian Elliott with a rebound.
1:35 of 2nd period - Shot by Cam Atkinson.
1:35 of 2nd period - Stopped by Brian Elliott with a rebound.
1:37 of 2nd period - Shot by Jamie Benn.
1:37 of 2nd period - Shot Misses the Net.
1:46 of 2nd period - Minor Penalty to Brett Connolly for Hooking.
1:47 of 2nd period - Nick Bonino wins face-off versus Tyler Ennis in Jets zone.
2:00 of 2nd period - Shot by Benoit Pouliot.
2:00 of 2nd period - Deflect By Zemgus Girgensons.
2:00 of 2nd period - Stopped by Cory Schneider without a rebound.
2:01 of 2nd period - Nick Bonino wins face-off versus Tomas Tatar in Jets zone.
2:07 of 2nd period - Icing by Mikael Backlund.
2:08 of 2nd period - Tomas Tatar wins face-off versus Nick Bonino in Rangers zone.
2:08 of 2nd period - Tomas Tatar is hit by Vernon Fiddler.
3:24 of 2nd period - Patrick Eaves is hit by Zemgus Girgensons.
3:43 of 2nd period - Icing by Alex Goligoski.
3:44 of 2nd period - Tomas Tatar wins face-off versus Patrick Eaves in Rangers zone.
3:54 of 2nd period - Shot by Cam Atkinson.
3:54 of 2nd period - Stopped by Brian Elliott without a rebound.
3:55 of 2nd period - Jeff Carter wins face-off versus Brad Richards in Rangers zone.
4:04 of 2nd period - Shot by Jamie Benn.
4:04 of 2nd period - Stopped by Brian Elliott without a rebound.
4:05 of 2nd period - Tomas Tatar wins face-off versus David Krejci in Rangers zone.
4:25 of 2nd period - Brent Seabrook is hit by Jaromir Jagr and loses puck.
4:33 of 2nd period - Icing by Joe Pavelski.
4:34 of 2nd period - Zemgus Girgensons wins face-off versus David Krejci in Jets zone.
6:32 of 2nd period - Shot by Jamie Benn.
6:32 of 2nd period - Shot Misses the Net.
6:36 of 2nd period - Shot by Jeff Carter.
6:36 of 2nd period - Shot Misses the Net.
6:38 of 2nd period - Shot by Cam Atkinson.
6:38 of 2nd period - Deflect By Jeff Carter.
6:38 of 2nd period - Shot Misses the Net.
6:40 of 2nd period - Shot by Nicklas Grossmann.
6:40 of 2nd period - Stopped by Brian Elliott without a rebound.
6:41 of 2nd period - Tomas Tatar wins face-off versus David Krejci in Rangers zone.
7:13 of 2nd period - Shot by Mikael Backlund.
7:13 of 2nd period - Stopped by Cory Schneider without a rebound.
7:14 of 2nd period - Zemgus Girgensons wins face-off versus Nick Bonino in Jets zone.
7:21 of 2nd period - Shot by Craig Smith.
7:21 of 2nd period - Stopped by Cory Schneider without a rebound.
7:22 of 2nd period - Jeff Carter wins face-off versus Zemgus Girgensons in Jets zone.
7:31 of 2nd period - Shot by Jamie Benn.
7:31 of 2nd period - Stopped by Brian Elliott without a rebound.
7:32 of 2nd period - David Krejci wins face-off versus Tomas Tatar in Rangers zone.
8:14 of 2nd period - Icing by Tyler Myers.
8:15 of 2nd period - David Krejci wins face-off versus Tyler Ennis in Jets zone.
8:55 of 2nd period - Shot by Jamie Benn.
8:55 of 2nd period - Shot Misses the Net.
9:03 of 2nd period - Shot by Cam Atkinson.
9:03 of 2nd period - Stopped by Brian Elliott without a rebound.
9:04 of 2nd period - Nick Bonino wins face-off versus Tomas Tatar in Rangers zone.
9:05 of 2nd period - Shot by Patrick Eaves.
9:05 of 2nd period - Deflect By Nick Bonino.
9:05 of 2nd period - Shot Misses the Net.
9:07 of 2nd period - Shot by Patrick Eaves.
9:07 of 2nd period - Goal by Patrick Eaves - Jets : 3 - Rangers : 1.
9:08 of 2nd period - Tomas Tatar wins face-off versus Brett Connolly in neutral zone.
9:19 of 2nd period - Shot by Mikael Backlund.
9:19 of 2nd period - Shot Misses the Net.
9:27 of 2nd period - Shot by Brett Connolly.
9:27 of 2nd period - Stopped by Brian Elliott with a rebound.
9:29 of 2nd period - Shot by Patrick Eaves.
9:29 of 2nd period - Stopped by Brian Elliott without a rebound.
9:30 of 2nd period - Zemgus Girgensons wins face-off versus David Krejci in Rangers zone.
9:40 of 2nd period - Icing by Tobias Enstrom.
9:41 of 2nd period - David Krejci wins face-off versus Tomas Tatar in Jets zone.
9:52 of 2nd period - Shot by David Krejci.
9:52 of 2nd period - Deflect By Joe Pavelski.
9:52 of 2nd period - Shot Blocked by Alex Goligoski.
9:54 of 2nd period - Shot by Joe Pavelski.
9:54 of 2nd period - Deflect By David Krejci.
9:54 of 2nd period - Stopped by Brian Elliott without a rebound.
9:55 of 2nd period - Jeff Carter wins face-off versus Tyler Ennis in Rangers zone.
9:55 of 2nd period - Jeff Carter is hit by Eric Brewer.
10:00 of 2nd period - Jamie Benn is hit by Eric Brewer and loses puck.
10:05 of 2nd period - Shot by Brent Seabrook.
10:05 of 2nd period - Stopped by Brian Elliott without a rebound.
10:06 of 2nd period - David Krejci wins face-off versus Tomas Tatar in Rangers zone.
10:06 of 2nd period - David Krejci is hit by Alex Goligoski.
10:14 of 2nd period - Shot by David Krejci.
10:14 of 2nd period - Deflect By Joe Pavelski.
10:14 of 2nd period - Stopped by Brian Elliott without a rebound.
10:15 of 2nd period - Tomas Tatar wins face-off versus David Krejci in Rangers zone.
10:46 of 2nd period - Shot by Joe Pavelski.
10:46 of 2nd period - Stopped by Brian Elliott without a rebound.
10:47 of 2nd period - Jeff Carter wins face-off versus Tyler Ennis in Rangers zone.
11:03 of 2nd period - Minor Penalty to Kevin Klein for Hooking.
11:04 of 2nd period - Tomas Tatar wins face-off versus Nick Bonino in Jets zone.
12:22 of 2nd period - Shot by Lubomir Visnovsky.
12:22 of 2nd period - Shot Misses the Net.
12:59 of 2nd period - Shot by Alex Goligoski.
12:59 of 2nd period - Shot Misses the Net.
13:01 of 2nd period - Shot by Alex Goligoski.
13:01 of 2nd period - Stopped by Cory Schneider without a rebound.
13:02 of 2nd period - Nick Bonino wins face-off versus Tyler Ennis in Jets zone.
14:09 of 2nd period - Nicklas Grossmann is hit by Cedric Paquette and loses puck.
14:14 of 2nd period - Shot by Benoit Pouliot.
14:14 of 2nd period - Stopped by Cory Schneider without a rebound.
14:15 of 2nd period - Nick Bonino wins face-off versus Tomas Tatar in Jets zone.
15:34 of 2nd period - Shot by Tyler Ennis.
15:34 of 2nd period - Shot Misses the Net.
15:36 of 2nd period - Shot by Lubomir Visnovsky.
15:36 of 2nd period - Shot Misses the Net.
15:38 of 2nd period - Shot by Benoit Pouliot.
15:38 of 2nd period - Shot Misses the Net.
15:40 of 2nd period - Shot by Eric Brewer.
15:40 of 2nd period - Shot Blocked by Nicklas Grossmann.
16:17 of 2nd period - Shot by Zemgus Girgensons.
16:17 of 2nd period - Goal by Zemgus Girgensons - Jets : 3 - Rangers : 2.
16:18 of 2nd period - Tomas Tatar wins face-off versus Jeff Carter in neutral zone.
16:24 of 2nd period - Icing by Kevin Klein.
16:25 of 2nd period - Jeff Carter wins face-off versus Tomas Tatar in Jets zone.
16:36 of 2nd period - Shot by Jeff Carter.
16:36 of 2nd period - Shot Blocked by Alex Goligoski.
16:54 of 2nd period - Shot by Jamie Benn.
16:54 of 2nd period - Shot Blocked by Alex Goligoski.
16:56 of 2nd period - Shot by Brent Seabrook.
16:56 of 2nd period - Stopped by Brian Elliott without a rebound.
16:57 of 2nd period - Tyler Ennis wins face-off versus Boyd Gordon in Rangers zone.
17:36 of 2nd period - Chris Tanev is hit by Brett Connolly and loses puck.
18:08 of 2nd period - Anders Lee is hit by David Jones and loses puck.
18:31 of 2nd period - Icing by Kevin Klein.
18:32 of 2nd period - Craig Smith wins face-off versus David Krejci in Jets zone.
19:01 of 2nd period - Shot by Jeff Carter.
19:01 of 2nd period - Stopped by Brian Elliott without a rebound.
19:02 of 2nd period - Tomas Tatar wins face-off versus Jeff Carter in Rangers zone.
19:58 of 2nd period - Off-side.
19:59 of 2nd period - Cedric Paquette wins face-off versus David Krejci in neutral zone.
Goals for this period are 1 for Jets vs 1 for Rangers.
Shots for this period are 16 for Jets vs 6 for Rangers.

3rd period


0:01 of 3rd period - Anders Lee wins face-off versus Tomas Tatar in neutral zone.
0:22 of 3rd period - Shot by Mikael Backlund.
0:22 of 3rd period - Shot Misses the Net.
0:24 of 3rd period - Shot by Kris Russell.
0:24 of 3rd period - Stopped by Cory Schneider without a rebound.
0:25 of 3rd period - Nick Bonino wins face-off versus Tyler Ennis in Jets zone.
0:32 of 3rd period - Shot by Patrick Eaves.
0:32 of 3rd period - Goal by Patrick Eaves - Jets : 4 - Rangers : 2.
0:33 of 3rd period - Tyler Ennis wins face-off versus Nick Bonino in neutral zone.
1:46 of 3rd period - Icing by Tobias Enstrom.
1:47 of 3rd period - Zemgus Girgensons wins face-off versus David Krejci in Jets zone.
1:48 of 3rd period - Shot by Matt Calvert.
1:48 of 3rd period - Shot Misses the Net.
2:35 of 3rd period - Icing by Eric Brewer.
2:36 of 3rd period - Zemgus Girgensons wins face-off versus Jeff Carter in Rangers zone.
3:50 of 3rd period - Shot by Benoit Pouliot.
3:50 of 3rd period - Shot Blocked by Brent Seabrook.
3:52 of 3rd period - Shot by Benoit Pouliot.
3:52 of 3rd period - Shot Hit the Post.
3:54 of 3rd period - Shot by Tyler Ennis.
3:54 of 3rd period - Shot Misses the Net.
3:56 of 3rd period - Shot by David Jones.
3:56 of 3rd period - Shot Misses the Net.
4:51 of 3rd period - Shot by Joe Pavelski.
4:51 of 3rd period - Shot Misses the Net.
5:15 of 3rd period - Shot by Jamie Benn.
5:15 of 3rd period - Shot Misses the Net.
5:22 of 3rd period - Icing by Chris Tanev.
5:23 of 3rd period - Boyd Gordon wins face-off versus David Jones in Rangers zone.
5:24 of 3rd period - Shot by Kevin Klein.
5:24 of 3rd period - Stopped by Brian Elliott with a rebound.
5:49 of 3rd period - Brett Connolly is hit by Alex Goligoski and loses puck.
6:24 of 3rd period - Shot by Cam Atkinson.
6:24 of 3rd period - Stopped by Brian Elliott without a rebound.
6:25 of 3rd period - David Krejci wins face-off versus Zemgus Girgensons in Rangers zone.
6:32 of 3rd period - Shot by Joe Pavelski.
6:32 of 3rd period - Shot Misses the Net.
6:37 of 3rd period - Off-side.
6:38 of 3rd period - Jeff Carter wins face-off versus Matt Calvert in neutral zone.
7:25 of 3rd period - Off-side.
7:26 of 3rd period - David Krejci wins face-off versus Tomas Tatar in neutral zone.
7:31 of 3rd period - Shot by Joe Pavelski.
7:31 of 3rd period - Shot Blocked by Tomas Tatar.
7:33 of 3rd period - Shot by David Krejci.
7:33 of 3rd period - Shot Misses the Net.
7:38 of 3rd period - Icing by Alex Goligoski.
7:39 of 3rd period - Tomas Tatar wins face-off versus Nick Bonino in Rangers zone.
7:47 of 3rd period - Icing by Kris Russell.
7:48 of 3rd period - Tomas Tatar wins face-off versus David Krejci in Rangers zone.
7:48 of 3rd period - Tomas Tatar is hit by Anders Lee.
8:06 of 3rd period - Tobias Enstrom is hit by Jaromir Jagr and loses puck.
8:32 of 3rd period - Icing by Kris Russell.
8:33 of 3rd period - Tomas Tatar wins face-off versus Jeff Carter in Rangers zone.
8:56 of 3rd period - Shot by Tyler Ennis.
8:56 of 3rd period - Stopped by Cory Schneider with a rebound.
8:58 of 3rd period - Shot by Karl Alzner.
8:58 of 3rd period - Goal by Karl Alzner - Jets : 4 - Rangers : 3.
8:59 of 3rd period - Brad Richards wins face-off versus Nick Bonino in neutral zone.
9:10 of 3rd period - Shot by Brad Richards.
9:10 of 3rd period - Shot Misses the Net.
9:12 of 3rd period - Shot by Cedric Paquette.
9:12 of 3rd period - Shot Blocked by Korbinian Holzer.
9:14 of 3rd period - Shot by Cedric Paquette.
9:14 of 3rd period - Shot Blocked by Nick Bonino.
9:23 of 3rd period - Benoit Pouliot is hit by Korbinian Holzer and loses puck.
10:06 of 3rd period - Icing by Karl Alzner.
10:07 of 3rd period - Zemgus Girgensons wins face-off versus David Krejci in Rangers zone.
10:20 of 3rd period - Shot by Matt Calvert.
10:20 of 3rd period - Stopped by Cory Schneider without a rebound.
10:21 of 3rd period - Jeff Carter wins face-off versus Tomas Tatar in Jets zone.
10:50 of 3rd period - Shot by Jamie Benn.
10:50 of 3rd period - Deflect By Jeff Carter.
10:50 of 3rd period - Shot Blocked by Kris Russell.
10:52 of 3rd period - Shot by Kevin Klein.
10:52 of 3rd period - Stopped by Brian Elliott without a rebound.
10:53 of 3rd period - Tyler Ennis wins face-off versus David Krejci in Rangers zone.
11:31 of 3rd period - Shot by David Jones.
11:31 of 3rd period - Stopped by Cory Schneider without a rebound.
11:32 of 3rd period - Tomas Tatar wins face-off versus Jamie Benn in Jets zone.
11:41 of 3rd period - Shot by Mikael Backlund.
11:41 of 3rd period - Stopped by Cory Schneider without a rebound.
11:42 of 3rd period - Boyd Gordon wins face-off versus Zemgus Girgensons in Jets zone.
12:05 of 3rd period - Shot by Matt Calvert.
12:05 of 3rd period - Shot Misses the Net.
12:19 of 3rd period - Shot by Brett Connolly.
12:19 of 3rd period - Stopped by Brian Elliott with a rebound.
13:16 of 3rd period - Shot by Joe Pavelski.
13:16 of 3rd period - Shot Blocked by Chris Tanev.
13:25 of 3rd period - Shot by David Krejci.
13:25 of 3rd period - Shot Misses the Net.
13:38 of 3rd period - Minor Penalty to David Jones for Cross-checking.
13:39 of 3rd period - Zemgus Girgensons wins face-off versus Jeff Carter in Rangers zone.
13:54 of 3rd period - Shot by Tobias Enstrom.
13:54 of 3rd period - Shot Blocked by Kris Russell.
13:56 of 3rd period - Shot by Tobias Enstrom.
13:56 of 3rd period - Shot Blocked by Cedric Paquette.
13:58 of 3rd period - Shot by Cam Atkinson.
13:58 of 3rd period - Stopped by Brian Elliott without a rebound.
13:59 of 3rd period - Zemgus Girgensons wins face-off versus David Krejci in Rangers zone.
14:51 of 3rd period - Shot by Brent Seabrook.
14:51 of 3rd period - Stopped by Brian Elliott without a rebound.
14:52 of 3rd period - Benoit Pouliot wins face-off versus Jeff Carter in Rangers zone.
15:01 of 3rd period - Shot by Jeff Carter.
15:01 of 3rd period - Deflect By Cam Atkinson.
15:01 of 3rd period - Shot Blocked by Eric Brewer.
15:03 of 3rd period - Shot by Cam Atkinson.
15:03 of 3rd period - Shot Misses the Net.
15:15 of 3rd period - Shot by Tobias Enstrom.
15:15 of 3rd period - Stopped by Brian Elliott without a rebound.
15:16 of 3rd period - David Krejci wins face-off versus Zemgus Girgensons in Rangers zone.
15:17 of 3rd period - Shot by Tyler Myers.
15:17 of 3rd period - Stopped by Brian Elliott with a rebound.
15:45 of 3rd period - Shot by Patrick Eaves.
15:45 of 3rd period - Stopped by Brian Elliott with a rebound.
15:47 of 3rd period - Shot by Korbinian Holzer.
15:47 of 3rd period - Stopped by Brian Elliott with a rebound.
15:49 of 3rd period - Shot by Patrick Eaves.
15:49 of 3rd period - Shot Misses the Net.
16:01 of 3rd period - Shot by Patrick Eaves.
16:01 of 3rd period - Stopped by Brian Elliott without a rebound.
16:02 of 3rd period - Jeff Carter wins face-off versus Tyler Ennis in Rangers zone.
16:02 of 3rd period - Jeff Carter is hit by Anton Volchenkov.
16:04 of 3rd period - Shot by Jamie Benn.
16:04 of 3rd period - Shot Misses the Net.
16:06 of 3rd period - Shot by Jamie Benn.
16:06 of 3rd period - Shot Misses the Net.
16:20 of 3rd period - Benoit Pouliot is hit by Jamie Benn and loses puck.
16:38 of 3rd period - Shot by David Jones.
16:38 of 3rd period - Stopped by Cory Schneider with a rebound.
17:21 of 3rd period - Tyler Myers is hit by Karl Alzner and loses puck.
17:26 of 3rd period - Shot by Nick Bonino.
17:26 of 3rd period - Shot Misses the Net.
17:28 of 3rd period - Shot by Tyler Myers.
17:28 of 3rd period - Stopped by Brian Elliott with a rebound.
17:53 of 3rd period - Tomas Tatar is hit by Nicklas Grossmann and loses puck.
18:13 of 3rd period - Matt Calvert is hit by Dylan Olsen and loses puck.
18:21 of 3rd period - Minor Penalty to Nicklas Grossmann for Hooking.
18:22 of 3rd period - Nick Bonino wins face-off versus Tyler Ennis in Jets zone.
19:08 of 3rd period - Icing by Karl Alzner.
19:09 of 3rd period - Tomas Tatar wins face-off versus Nick Bonino in Rangers zone.
19:33 of 3rd period - Rangers, Brian Elliott is pulled from the net.
19:55 of 3rd period - Shot by Benoit Pouliot.
19:55 of 3rd period - Stopped by Cory Schneider without a rebound.
19:56 of 3rd period - Tyler Ennis wins face-off versus Nick Bonino in Jets zone.
Goals for this period are 1 for Jets vs 1 for Rangers.
Shots for this period are 13 for Jets vs 8 for Rangers.